Map: Ascension to Aiur LE

Players

Aelith

  • Race: Zerg Zerg
  • Spawn Location: 5:00

Elroye - Winner!

  • Race: Zerg Zerg
  • Spawn Location: 11:00

Event: WCS Valencia 2017

VOD

Have the link to the VOD?

Description

Time

  • Played on: July 13, 2017, 7:17 a.m.
  • Length: 6:46

All games in this series

Show
View Real Time Build Order
Export as new Build Order

Aelith Zerg 

Build Orders: Hatch First, Zergling Baneling 

Get SALT Encoding   

  12  0:00  Drone  
  13  0:12  Overlord  
  13  0:17  Drone  
  14  0:30  Drone x2  
  14  0:34  Drone  
  17  0:52  Hatchery  
  17  0:55  Drone  
  17  0:58  Drone  
  17  1:02  Extractor  
  17  1:14  Spawning Pool  
  17  1:17  Drone  
  17  1:20  Drone  
  18  1:27  Drone  
  19  1:38  Overlord  
  19  2:01  Queen  
  19  2:02  Metabolic Boost  
  19  2:03  Zergling x2  
  19  2:04  Zergling x2  
  19  2:05  Queen  
  25  2:22  Baneling Nest  
  25  2:23  Zergling x4  
  25  2:25  Zergling x2  
  25  2:28  Zergling x2  
  28  2:32  Zergling x2  
  29  2:40  Zergling x2  
  29  2:41  Zergling x2  
  31  2:56  Zergling x4  
  31  2:57  Zergling x2  
  33  3:05  Zergling x4  
  35  3:08  Overlord  
  35  3:10  Baneling x2  
  35  3:27  Zergling x12  
  41  3:35  Zergling x4  
  41  3:38  Baneling x4  
  37  4:01  Drone  
  37  4:02  Drone x5  
  40  4:13  Baneling x2  
  40  4:15  Zergling x4  
  34  4:29  Baneling x2  
  34  4:30  Zergling x6  
  34  4:38  Zergling x2  
  34  4:39  Zergling x2  
  34  4:48  Baneling  
  34  4:50  Baneling  
  34  4:54  Queen  
  34  4:55  Zergling x8  
  39  5:02  Baneling  
  33  5:25  Zergling x2  
  33  5:26  Zergling x2  
  33  5:28  Zergling x2  
  33  5:29  Zergling x10  
  33  5:35  Zergling x2  
  37  5:44  Zergling x2  
  37  5:45  Zergling x2  
  37  5:47  Baneling  
  37  5:48  Baneling x2  
  37  5:49  Zergling x6  
  41  5:55  Zergling x2  
  42  6:08  Zergling x2  
  42  6:10  Overlord  
Show
View Real Time Build Order
Export as new Build Order

Elroye Zerg - Winner!

Build Orders: Hatch First, Zergling Baneling 

Get SALT Encoding   

  12  0:00  Drone  
  13  0:12  Overlord  
  13  0:17  Drone  
  14  0:31  Drone x2  
  14  0:34  Drone  
  17  0:51  Hatchery  
  17  0:55  Drone  
  17  0:58  Drone  
  17  1:02  Extractor  
  17  1:13  Spawning Pool  
  17  1:17  Drone  
  17  1:20  Drone  
  18  1:30  Drone  
  19  1:41  Overlord  
  19  2:03  Queen, Zergling x4  
  19  2:04  Metabolic Boost  
  19  2:05  Queen  
  25  2:09  Zergling x2  
  25  2:14  Drone  
  27  2:15  Drone  
  27  2:21  Drone  
  29  2:24  Drone  
  30  2:31  Baneling Nest  
  30  2:35  Drone  
  30  2:36  Drone  
  32  2:44  Drone  
  32  2:59  Hatchery  
  32  3:01  Overlord  
  32  3:03  Zergling x2  
  32  3:05  Zergling x2  
  32  3:09  Zergling x2  
  32  3:12  Zergling x2  
  35  3:16  Zergling x2  
  35  3:19  Baneling x2  
  36  3:20  Zergling x2  
  36  3:22  Zergling x2  
  36  3:24  Zergling x2  
  39  3:27  Zergling x2  
  39  3:31  Baneling x4  
  39  3:33  Zergling x2  
  41  3:36  Zergling x2  
  40  3:51  Baneling x3  
  39  4:05  Baneling x2  
  36  4:13  Zergling x4  
  36  4:14  Zergling x14  
  43  4:19  Baneling  
  43  4:33  Zergling x2  
  43  4:34  Zergling x2  
  32  4:46  Zergling x8  
  32  4:51  Zergling x2  
  36  4:53  Baneling  
  36  4:54  Baneling  
  36  4:59  Baneling  
  36  5:00  Baneling  
  36  5:03  Zergling x4  
  36  5:04  Queen x2  
  42  5:12  Hatchery  
  37  5:22  Zergling x14  
  43  5:28  Zergling x2  
  43  5:32  Overlord  
  43  5:42  Zergling x6  
  44  5:46  Baneling x2  
  43  5:50  Overlord  
  43  5:52  Zergling x12  
  49  6:03  Baneling x2  
  49  6:05  Baneling  
  49  6:06  Baneling x2  
  49  6:08  Drone  
  49  6:09  Drone x2  
  49  6:19  Zergling x2  
  49  6:20  Zergling x2  
  51  6:27  Zergling x6  
  51  6:28  Zergling x6  
Tags
 
Add a new tag
Caveats
  • Supply blocks, unpowered buildings, or Contaminate may cause inaccurate times.
  • Supply counts are checked every 10 seconds.